 Dungeon Crawl Stone Soup version 0.22-a0-614-g34fbaa0 (webtiles) character file.

160 vinnietd the Poker (level 5, -3/45 HPs)
             Began as a Centaur Fighter on July 17, 2018.
             Slain by Grinder (5 damage)
             ... while paralysed by Grinder
             ... on level 3 of the Dungeon.
             The game lasted 00:03:40 (2046 turns).

vinnietd the Poker (Centaur Fighter)                Turns: 2046, Time: 00:03:41

Health: -3/45      AC:  9    Str: 19    XL:     5   Next: 17%
Magic:  5/5        EV:  1    Int:  7    God:
Gold:   179        SH:  0    Dex:  9    Spells: 4/4 levels left

rFire    . . .     SeeInvis .   a - +0 trident
rCold    . . .     Gourm    .   c - +0 shield
rNeg     . . .     Faith    .   b - +0 scale mail
rPois    .         Spirit   .   (no helmet)
rElec    .         Reflect  .   (no cloak)
rCorr    .         Harm     .   o - +2 pair of gloves
MR       .....                  (no barding)
Stlth    ..........             (no amulet)
HPRegen  0.15/turn              (no ring)
MPRegen  0.09/turn              (no ring)

@: paralysed, very quick
A: large, hooves 3, deformed body, speed 2, tough skin 3
a: no special abilities


You were on level 3 of the Dungeon.
You were not hungry.

You visited 1 branch of the dungeon, and saw 3 of its levels.

You collected 179 gold pieces.

Inventory:

Hand Weapons
 a - a +0 trident (weapon)
Missiles
 t - 3 javelins (quivered)
Armour
 b - a +0 scale mail (worn)
 c - a +0 shield (worn)
 o - a +2 pair of gloves (worn)
Jewellery
 k - an uncursed ring of protection from cold {unknown}
 p - a +1 ring of evasion {unknown}
 q - an uncursed ring of flight {unknown}
Wands
 v - a wand of paralysis (17)
Scrolls
 i - 4 scrolls of remove curse {unknown}
 l - a scroll of teleportation {unknown}
 m - a scroll of enchant weapon {unknown}
 n - 3 scrolls of identify {unknown}
 u - a scroll of random uselessness {unknown}
Potions
 d - a potion of might
 e - 2 potions of lignification {unknown}
 g - a potion of degeneration {unknown}
 h - 2 potions of curing {unknown}
 j - 2 potions of agility {unknown}
 s - a potion of brilliance {unknown}
Comestibles
 f - 6 rations
 r - 8 chunks of flesh


   Skills:
 - Level 3.0 Fighting
 * Level 5.0 Polearms
 - Level 2.1 Armour
 - Level 2.1 Shields


You had 4 spell levels left.
You didn't know any spells.
Your spell library was empty.

Dungeon Overview and Level Annotations

Branches:
Dungeon (3/15)

Altars:
Yredelemnul

Annotations:
D:3 Grinder


Innate Abilities, Weirdness & Mutations

You have hooves in place of feet.
Armour fits poorly on your strangely shaped body.
You cover ground very quickly.
You have extremely tough skin. (AC +3)


Message History

Found a scroll labeled WETAGA UXADAWA.
Grinder says, "There's only one good use for a tongue: cutting it out."
Grinder hits you.
You writhe in agony.
You can move again.
You puncture Grinder! You kick Grinder, but do no damage.
Grinder is moderately wounded.
Grinder completely misses you.
You hit Grinder.
Grinder is moderately wounded.
Grinder gestures at you.
You suddenly lose the ability to move!
Grinder hits you.
You writhe in agony.
Grinder hits you!
You writhe in agony.
Grinder gestures at you. Pain shoots through your body!
* * * LOW HITPOINT WARNING * * *
Grinder hits you.
* * * LOW HITPOINT WARNING * * *
You writhe in agony.
You die...

#....)..)....#
#......#####.....
....####.# ##.#..
### #.# .# #)# #
######.#######
#............#
#.####.#######
#@# #........
#.?..5.#
#########
########


You could see Grinder.

Vanquished Creatures
  A bullfrog (D:3)
  3 adders
  2 oozes
  A worm (D:3)
  A dart slug (D:2)
  2 leopard geckos
  An orc (D:3)
  9 bats
  2 giant cockroaches
  8 goblins
  9 hobgoblins
  5 kobolds
  A quokka (D:2)
  2 frilled lizards (D:2)
  5 rats
52 creatures vanquished.

Notes
Turn   | Place    | Note
-------+----------+-------------------------------------------
     0 | D:1      | vinnietd the Centaur Fighter began the quest for the Orb.
     0 | D:1      | Reached XP level 1. HP: 19/19 MP: 1/1
    19 | D:1      | Reached skill level 2 in Polearms
    85 | D:1      | Reached XP level 2. HP: 21/26 MP: 2/2
   517 | D:1      | Reached skill level 3 in Polearms
   591 | D:1      | Reached XP level 3. HP: 31/31 MP: 3/3
   985 | D:2      | Found a basalt altar of Yredelemnul.
  1422 | D:2      | Reached XP level 4. HP: 38/38 MP: 4/4
  1619 | D:3      | Reached skill level 4 in Polearms
  2016 | D:3      | Noticed a bullfrog
  2023 | D:3      | Killed a bullfrog
  2023 | D:3      | Reached skill level 5 in Polearms
  2023 | D:3      | Reached XP level 5. HP: 38/45 MP: 5/5
  2037 | D:3      | Noticed Grinder
  2037 | D:3      | Paralysed by Grinder for 3 turns
  2042 | D:3      | Paralysed by Grinder for 6 turns
  2046 | D:3      | HP: 2/45 [Grinder (4)]
  2046 | D:3      | Slain by Grinder

Vault maps used:
D:1:      scummos_arrival_checkerplants
D:2:      lemuel_upstairs_altar, marbit_many_paths
D:3:      nicolae_overflow_crystal_walls, first_ration, uniq_grinder, uniq_robin

Skill      XL: |  1  2  3  4 |
---------------+-------------+-----
Polearms       | 2 3 5 |  5.0
Fighting       | |  3.0
Armour         | |  2.1
Shields        | |  2.1

Action                   |  1- 3 |  4- 6 || total
-------------------------+-------+-------++-------
Melee: Trident           |   134 |    38 ||   172
       Kick              |    24 |     6 ||    30
  Eat: Chunk             |     1 |     2 ||     3
Armor: Scale mail        |    60 |     9 ||    69
Dodge: Dodged            |    18 |     9 ||    27
Block: Shield            |    47 |    12 ||    59

Table legend:
 A = Spawn XP
 B = Non-spawn XP
 C = Spawn XP percentage of total XP
 D = Spawn monster count
 E = Non-spawn monster count
 F = Spawn count percentage of total count
 G = Total turns spent on level
                    A         B        C        D         E        F      G
               +---------+---------+-------+---------+---------+-------+---------
         Total |       0 |     229 |   0.0 |       0 |      52 |   0.0 |  2046
               +---------+---------+-------+---------+---------+-------+---------
           D:1 |       0 |      41 |   0.0 |       0 |      21 |   0.0 |   697
           D:2 |       0 |      56 |   0.0 |       0 |      22 |   0.0 |   916
           D:3 |       0 |     132 |   0.0 |       0 |       9 |   0.0 |   433
               +---------+---------+-------+---------+---------+-------+---------
